 Dungeon Crawl Stone Soup version 0.19.4-8-ga85b6b9 (console) character file.

219 lanroth the Cutter (level 6, 0/44 HPs)
             Began as a Human Gladiator on Feb 10, 2017.
             Succumbed to kobold's curare-tipped needle
             ... on level 2 of the Dungeon.
             The game lasted 00:25:39 (2396 turns).

lanroth the Cutter (Human Gladiator)                Turns: 2396, Time: 00:25:40

Health: 0/44       AC:  8    Str: 16    XL:     6   Next: 18%
Magic:  5/6        EV: 13    Int:  8    God:
Gold:   153        SH:  0    Dex: 15    Spells: 0 memorised, 5 levels left

rFire  . . .     SeeInvis .     e - +2 dagger (venom)
rCold  . . .     Gourm    .     m - +0 leather armour (curse)
rNeg   . . .     Faith    .     (no shield)
rPois  .         Spirit   +     n - +2 helmet
rElec  .         Reflect  .     (no cloak)
rCorr  .         Harm     .     D - +1 pair of gloves
MR     .....                    (no boots)
Stlth  +.........               q - amulet of guardian spirit
                                (no ring)
                                (no ring)

@: lethally poisoned (0 -> -4), slowed, very slow
A: no striking features
a: no special abilities


You were on level 2 of the Dungeon.
You were not hungry.

You visited 1 branch of the dungeon, and saw 3 of its levels.

You collected 153 gold pieces.

Inventory:

Hand Weapons
 e - a +2 dagger of venom (weapon)
 g - a +0 spear
 i - a +0 mace
 s - a +0 spear
 w - a +0 mace
Missiles
 k - 70 poisoned needles
 o - 17 stones
 r - 2 tomahawks (quivered)
 t - 2 throwing nets
 C - 44 arrows
Armour
 b - a +0 leather armour
 c - a +0 helmet
 h - a +0 animal skin
 j - a +0 leather armour
 m - a cursed +0 leather armour (worn)
 n - a +2 helmet (worn)
 u - a +0 robe
 v - a +0 robe
 x - a +0 ring mail
 A - a +0 ring mail
 D - a +1 pair of gloves (worn)
 E - a +0 scale mail
 F - a +0 pair of gloves
Jewellery
 q - an amulet of guardian spirit (around neck)
Scrolls
 l - a scroll of immolation
 B - a scroll of fear
Comestibles
 d - 6 chunks of flesh
 f - a bread ration


   Skills:
 + Level 2.2 Fighting
 + Level 4.3 Short Blades
 + Level 3.5 Throwing
 + Level 2.2 Armour
 + Level 3.7 Dodging
 + Level 0.4 Stealth


You had 5 spell levels left.
You didn't know any spells.

Dungeon Overview and Level Annotations

Branches:
Dungeon (3/15)

Altars:


Message History

You feel sick.
* * * LOW HITPOINT WARNING * * *
You feel sick.
* * * LOW HITPOINT WARNING * * *
You feel sick.
There is an open door, spattered with blood here.
You see here an adder skeleton.
* * * LOW HITPOINT WARNING * * *
You feel sick.
* * * LOW HITPOINT WARNING * * *
You feel sick.
* * * LOW HITPOINT WARNING * * *
You feel sick.
* * * LOW HITPOINT WARNING * * *
You feel sick.
Sorry, you're not good enough to have a special ability.
You aren't carrying any potions.
As you read the scroll of identify, it crumbles to dust.
u - a +0 robe You die...

##### #...# ###### ###.#.##### # #....# #.....#>..# #
########## #....# #.#...#.#.# #
#........####....#####.#.......#
#.....>..÷....@..'...........###
#........P.♣.P...#####...##### #..........♣♣.)..#
#......# #.........P♣♣♣...#####.#.##.#
#...PPPP..♣♣......#....)..#.#
#.....♣PP..P......#.##.#..#.# #####
#.)..♣♣♣...PP####÷#....#....####################...####
#....PPPP..............................................
####.♣..#########.#....##...####.....#######.#.#.......
##P.## #.#....##...# #.....#######.#)###.#### ####
###.#....##.#.## #.....##.......))..))...
#...........#..# #......#......#.....#...
###.#.#########..###.###..###...########)##
#...#.............##.# #............# #.#
#.###############.##.# #.######..##.# #.# ####.#
#.##.###.#.#<♣.♣.##.# #.# ##....##
##########..#.....#..........####.#
###......#####.......###.#####.#.♣.♣.♣.♣..#....##
##..PP♣.......'.......# #..# #.#............#...#
#.PP♣♣♣PP..P###.......# ##.####.##♣#♣.♣.♣###.#.#.#
#.♣♣♣♣♣♣♣.♣..##.......###....##.....#<.....#.#.#.#
##.♣.♣♣♣♣♣P.PP#.........P.P..♣#.###.######.#.#.#.#
##.♣..♣PP♣.P#####<.####.P♣♣♣P..# #........#.....#
###....P.### ##.# #P♣P♣ ♣♣..# #######..###.### ########
#.# #.PP♣♣♣.♣.# #.....###'### ######.####.PP.♣...#
###.##........# #.........#..♣..P..# #.............#
#.........'..P...#.# #.#.###.......#
#..♣.♣♣...#.#.#..#.####+#...........#
#.♣♣.P♣...#.#.##.#.##......#........#
###.♣♣♣.♣...#.#.##.#.##......#......###
#...♣...♣...#.#.##.#.##......########
#...♣♣.♣♣.......##...##....###
#...♣..♣♣####.#####.......##


There were no monsters in sight!

Vanquished Creatures
  A hound (D:2)
  A jelly (D:2)
  Natasha (D:2)
  Robin (D:2)
  5 adders (D:2)
  A worm (D:2)
  A dart slug (D:1)
  2 leopard geckos
  3 giant cockroaches (D:2)
  12 goblins
  8 hobgoblins
  11 jackals
  A quokka (D:2)
  4 bats (D:1)
  3 frilled lizards
  12 kobolds
  8 rats
  2 bushes (D:2)
  4 plants (D:2)
81 creatures vanquished.

Vanquished Creatures (others)
  A plant (D:2)
1 creature vanquished.

Grand Total: 82 creatures vanquished

Notes
Turn   | Place    | Note
-------+----------+-------------------------------------------
     0 | D:1      | lanroth the Human Gladiator began the quest for the Orb.
     0 | D:1      | Reached XP level 1. HP: 16/16 MP: 1/1
   162 | D:1      | Reached XP level 2. HP: 20/22 MP: 2/2
   407 | D:1      | Reached XP level 3. HP: 27/27 MP: 3/3
   865 | D:2      | Noticed Robin
   895 | D:2      | Killed Robin
   895 | D:2      | Reached XP level 4. HP: 24/33 MP: 2/4
  1019 | D:2      | Reached skill level 4 in Short Blades
  1920 | D:3      | Noticed Natasha
  2011 | D:2      | Reached XP level 5. HP: 36/38 MP: 5/5
  2036 | D:2      | Reached skill level 1 in Armour
  2255 | D:2      | Reached XP level 6. HP: 41/44 MP: 6/6
  2273 | D:2      | Killed Natasha
  2393 | D:2      | HP: 2/44 [poisoned by kobold (curare-tipped needle)]
  2396 | D:2      | Succumbed to kobold's curare-tipped needle

Skill      XL: |  1  2  3  4  5 |
---------------+----------------+-----
Short Blades   | 4 |  4.3
Throwing       | 3 |  3.5
Armour         | 2 |  2.2
Fighting       | |  2.2
Dodging        | |  3.7
Stealth        | |  0.4

Action                   |  1- 3 |  4- 6 || total
-------------------------+-------+-------++-------
Melee: Dagger            |    83 |   294 ||   377
       Rapier            |     2 |       ||     2
Throw: Stone             |     7 |     2 ||     9
       Throwing net      |     3 |       ||     3
       Tomahawk          |    11 |    39 ||    50
  Use: Potion            |     4 |     1 ||     5
       Scroll            |     3 |     4 ||     7
 Stab: Distracted        |     1 |       ||     1
  Eat: Chunk             |       |     4 ||     4
       Pizza             |       |     1 ||     1
Armor: Leather armour    |    25 |    55 ||    80
Dodge: Dodged            |    53 |    94 ||   147
